TOP OF THE 1ST |
Hartford Yard Goats batting - Pitching for Great Lakes Loons : RHP Pat Matera
|
Pitching: RHP Pat Matera
|
|
Batting: LHB Nick Martin
|
0-0: Called Strike 0-1: Swinging Strike 0-2: Ground out 1-3 (Groundball, P, EV 66.2 MPH)
|
Batting: RHB Matviy Oliynyk
|
0-0: Foul Ball, location: 2F 0-1: Swinging Strike 0-2: SINGLE (Groundball, 6MD, EV 100.0 MPH)
|
Batting: RHB T.J. Williams
|
0-0: Swinging Strike 0-1: Fly out, F8 (Flyball, 8RXD, EV 93.1 MPH)
|
Batting: SHB Ken Griffey IV
|
0-0: Foul Ball, location: 2F 0-1: Swinging Strike 0-2: Ball 1-2: Strikes out looking
|
Top of the 1st over - 0 runs, 1 hit, 0 errors, 1 left on base; Hartford 0 - Great Lakes 0 |
BOTTOM OF THE 1ST |
Great Lakes Loons batting - Pitching for Hartford Yard Goats : RHP Tsuneyoshi Kubo
|
Pitching: RHP Tsuneyoshi Kubo
|
|
Batting: LHB Nate Kee
|
0-0: Ball 1-0: Fly out, F8 (Flyball, 8LS, EV 90.0 MPH)
|
Batting: LHB Tore Bosch
|
0-0: Ball 1-0: Called Strike 1-1: Called Strike 1-2: Ball 2-2: Foul Ball, location: 2F 2-2: Strikes out swinging
|
Batting: LHB Jesus Ramirez
|
0-0: Ball 1-0: Ball 2-0: Foul Ball, location: 2F 2-1: Ball 3-1: SOLO HOME RUN (Flyball, 89XD, EV 97.5 MPH), Distance : 399 ft
|
Batting: SHB Xavier Alaniz
|
0-0: Called Strike 0-1: Swinging Strike 0-2: Ball 1-2: Foul Ball, location: 2F 1-2: Hit by Pitch, AND HE CHARGES THE MOUND! The benches clear!
|
Pitching: RHP Tanner Brazeal
|
|
Pinch Runner at 1st Justin Curran:
|
|
Batting: RHB Javier Solis
|
0-0: Fielders Choice at 2nd, 6-4 (Groundball, 6, EV 91.9 MPH)
|
Bottom of the 1st over - 1 run, 1 hit, 0 errors, 1 left on base; Hartford 0 - Great Lakes 1 |
TOP OF THE 2ND |
Hartford Yard Goats batting - Pitching for Great Lakes Loons : RHP Pat Matera
|
Now in RF: Joe Bower
|
|
Batting: LHB Harry Folsom
|
0-0: DOUBLE (Groundball, 3L, EV 101.9 MPH)
|
Batting: LHB Daniel Green
|
0-0: Called Strike 0-1: Foul Ball, location: 2F 0-2: Ball 1-2: Ball 2-2: Foul Ball, location: 2F 2-2: Ground out 1-3 (Groundball, 15S, EV 70.6 MPH)
|
Batting: RHB Seisaburo Edagawa
|
0-0: Called Strike 0-1: Foul Ball, location: 2F 0-2: Strikes out looking
|
Batting: LHB Georges Lambert
|
0-0: Foul Ball, location: 2F 0-1: Swinging Strike 0-2: Foul Ball, location: 2F 0-2: Foul Ball, location: 2F 0-2: Ball 1-2: Ball 2-2: Foul Ball, location: 2F 2-2: Ball 3-2: Strikes out looking
|
Top of the 2nd over - 0 runs, 1 hit, 0 errors, 1 left on base; Hartford 0 - Great Lakes 1 |
BOTTOM OF THE 2ND |
Great Lakes Loons batting - Pitching for Hartford Yard Goats : RHP Tanner Brazeal
|
Batting: LHB Jim Jardine
|
0-0: Ball 1-0: Fly out, F4 (Line Drive, 34, EV 73.8 MPH)
|
Batting: RHB Steve Clark
|
0-0: Ball 1-0: Called Strike 1-1: Foul Ball, location: 2F 1-2: Ball 2-2: Fly out, F7 (Flyball, 7LM, EV 91.2 MPH)
|
Batting: RHB Ruben Serrata
|
0-0: Ball 1-0: Foul Ball, location: 2F 1-1: Ball 2-1: Swinging Strike 2-2: Ball 3-2: Foul Ball, location: 2F 3-2: Ground out 6-3 (Groundball, 6, EV 100.6 MPH)
|
Bottom of the 2nd over - 0 runs, 0 hits, 0 errors, 0 left on base; Hartford 0 - Great Lakes 1 |
TOP OF THE 3RD |
Hartford Yard Goats batting - Pitching for Great Lakes Loons : RHP Pat Matera
|
Batting: RHB Yamashita Yagi
|
0-0: Called Strike 0-1: Ball 1-1: Ball 2-1: Foul Ball, location: 2F 2-2: Ball 3-2: Strikes out swinging
|
Batting: LHB Nick Martin
|
0-0: Ball 1-0: Ground out 6-3 (Groundball, 6S, EV 66.9 MPH)
|
Batting: RHB Matviy Oliynyk
|
0-0: Ball 1-0: Ground out 5-3 (Groundball, 5, EV 103.8 MPH)
|
Top of the 3rd over - 0 runs, 0 hits, 0 errors, 0 left on base; Hartford 0 - Great Lakes 1 |
BOTTOM OF THE 3RD |
Great Lakes Loons batting - Pitching for Hartford Yard Goats : RHP Tanner Brazeal
|
Batting: RHB Jason Baldwin
|
0-0: Ball 1-0: Ball 2-0: Foul Ball, location: 2F 2-1: Foul Ball, location: 2F 2-2: Ground out 6-3 (Groundball, 6, EV 82.5 MPH)
|
Batting: LHB Nate Kee
|
0-0: Ground out 4-3 (Groundball, 4, EV 102.5 MPH)
|
Batting: LHB Tore Bosch
|
0-0: Ball 1-0: Ball 2-0: DOUBLE (Line Drive, 78D, EV 104.4 MPH)
|
Batting: LHB Jesus Ramirez
|
0-0: SINGLE (Groundball, 4MD, EV 98.8 MPH) Tore Bosch to third
|
Batting: RHB Joe Bower
|
0-0: Ball 1-0: Ball 2-0: Foul Ball, location: 2F 2-1: Fly out, F9 (Line Drive, 9, EV 85.6 MPH)
|
Bottom of the 3rd over - 0 runs, 2 hits, 0 errors, 2 left on base; Hartford 0 - Great Lakes 1 |
TOP OF THE 4TH |
Hartford Yard Goats batting - Pitching for Great Lakes Loons : RHP Pat Matera
|
Batting: RHB T.J. Williams
|
0-0: Called Strike 0-1: Foul Ball, location: 2F 0-2: Ball 1-2: Strikes out looking
|
Batting: SHB Ken Griffey IV
|
0-0: Ball 1-0: Ball 2-0: Ball 3-0: Called Strike 3-1: Foul Ball, location: 2F 3-2: Foul Ball, location: 2F 3-2: Fly out, F8 (Flyball, 8RXD, EV 100.0 MPH)
|
Batting: LHB Harry Folsom
|
0-0: Foul Ball, location: 2F 0-1: Ground out U3 (Groundball, 3, EV 86.9 MPH)
|
Top of the 4th over - 0 runs, 0 hits, 0 errors, 0 left on base; Hartford 0 - Great Lakes 1 |
BOTTOM OF THE 4TH |
Great Lakes Loons batting - Pitching for Hartford Yard Goats : RHP Tanner Brazeal
|
Batting: RHB Javier Solis
|
0-0: Ball 1-0: Ball 2-0: Ball 3-0: Called Strike 3-1: Called Strike 3-2: Ground out 5-3 (Groundball, 56, EV 81.9 MPH)
|
Batting: LHB Jim Jardine
|
0-0: Called Strike 0-1: Ground out 5-3 (Groundball, 56S, EV 68.8 MPH)
|
Batting: RHB Steve Clark
|
0-0: Ball 1-0: Called Strike 1-1: SINGLE (Groundball, 34D, EV 98.1 MPH)
|
Batting: RHB Ruben Serrata
|
0-0: Fly out, F7 (Flyball, 78M, EV 90.0 MPH)
|
Bottom of the 4th over - 0 runs, 1 hit, 0 errors, 1 left on base; Hartford 0 - Great Lakes 1 |
TOP OF THE 5TH |
Hartford Yard Goats batting - Pitching for Great Lakes Loons : RHP Pat Matera
|
Batting: LHB Daniel Green
|
0-0: Fly out, F8 (Flyball, 89M, EV 78.1 MPH)
|
Batting: RHB Seisaburo Edagawa
|
0-0: Ball 1-0: Foul Ball, location: 2F 1-1: Ball 2-1: Fly out, F8 (Flyball, 89M, EV 90.6 MPH)
|
Batting: LHB Georges Lambert
|
0-0: Called Strike 0-1: Ball 1-1: Ball 2-1: Swinging Strike 2-2: Strikes out swinging, 2-3 out at first.
|
Top of the 5th over - 0 runs, 0 hits, 0 errors, 0 left on base; Hartford 0 - Great Lakes 1 |
BOTTOM OF THE 5TH |
Great Lakes Loons batting - Pitching for Hartford Yard Goats : RHP Tanner Brazeal
|
Batting: RHB Jason Baldwin
|
0-0: Called Strike 0-1: Foul Ball, location: 2F 0-2: Strikes out swinging
|
Batting: LHB Nate Kee
|
0-0: Called Strike 0-1: Ground out 4-3 (Groundball, 4, EV 83.8 MPH)
|
Batting: LHB Tore Bosch
|
0-0: Ground out 1-3 (Groundball, 13S, EV 68.8 MPH)
|
Bottom of the 5th over - 0 runs, 0 hits, 0 errors, 0 left on base; Hartford 0 - Great Lakes 1 |
TOP OF THE 6TH |
Hartford Yard Goats batting - Pitching for Great Lakes Loons : RHP Pat Matera
|
Batting: RHB Yamashita Yagi
|
0-0: Foul Ball, location: 2F 0-1: Foul Ball, location: 2F 0-2: Ball 1-2: Ground out 6-3 (Groundball, 6M, EV 103.8 MPH)
|
Batting: LHB Nick Martin
|
0-0: Ball 1-0: Called Strike 1-1: Ball 2-1: Ball 3-1: Foul Ball, location: 2F 3-2: SINGLE (Line Drive, 4MD, EV 94.4 MPH)
|
Batting: RHB Matviy Oliynyk
|
0-0: Called Strike 0-1: Called Strike Nick Martin steals 2nd base 0-2: SINGLE (Groundball, 25, EV 69.4 MPH) (infield hit) Nick Martin to third
|
Batting: RHB T.J. Williams
|
0-0: Ball 1-0: Foul Ball, location: 2F 1-1: Ball 2-1: Foul Ball, location: 2F 2-2: Foul Ball, location: 2F 2-2: Foul Ball, location: 2F 2-2: SINGLE (Line Drive, 6D, EV 95.0 MPH) Nick Martin scores Matviy Oliynyk to second
|
Batting: SHB Ken Griffey IV
|
0-0: Ball 1-0: Swinging Strike 1-1: Ball 2-1: Called Strike 2-2: Strikes out looking
|
Batting: LHB Harry Folsom
|
0-0: Called Strike 0-1: Ball 1-1: Ball 2-1: Ground out 4-3 (Groundball, 4, EV 83.1 MPH)
|
Top of the 6th over - 1 run, 3 hits, 0 errors, 2 left on base; Hartford 1 - Great Lakes 1 |
BOTTOM OF THE 6TH |
Great Lakes Loons batting - Pitching for Hartford Yard Goats : RHP Tanner Brazeal
|
Batting: LHB Jesus Ramirez
|
0-0: Ball 1-0: Fly out, F8 (Line Drive, 8RM, EV 92.5 MPH)
|
Batting: RHB Joe Bower
|
0-0: Fly out, F4 (Popup, 3DF, EV 65.0 MPH)
|
DELAY
|
Rain delay of 45 minutes in the 6th inning.
|
Pitching: RHP Gorgonio Sigua
|
|
Batting: RHB Javier Solis
|
0-0: Swinging Strike 0-1: Swinging Strike 0-2: Ball 1-2: Ball 2-2: Foul Ball, location: 2F 2-2: Ball 3-2: Strikes out swinging
|
Bottom of the 6th over - 0 runs, 0 hits, 0 errors, 0 left on base; Hartford 1 - Great Lakes 1 |
TOP OF THE 7TH |
Hartford Yard Goats batting - Pitching for Great Lakes Loons : RHP Pat Matera
|
Batting: LHB Daniel Green
|
0-0: Called Strike 0-1: Foul Ball, location: 2F 0-2: Foul Ball, location: 2F 0-2: Ball 1-2: Strikes out swinging
|
Pitching: RHP Andre Wiltz
|
|
Batting: RHB Seisaburo Edagawa
|
0-0: SINGLE (Groundball, 6M, EV 106.2 MPH) (infield hit)
|
Batting: LHB Georges Lambert
|
0-0: Ball 1-0: Fielders Choice at 2nd, 4-6 (Groundball, 4, EV 100.0 MPH)
|
Batting: RHB Yamashita Yagi
|
0-0: Swinging Strike 0-1: Foul Ball, location: 2F 0-2: Strikes out looking
|
Top of the 7th over - 0 runs, 1 hit, 0 errors, 1 left on base; Hartford 1 - Great Lakes 1 |
BOTTOM OF THE 7TH |
Great Lakes Loons batting - Pitching for Hartford Yard Goats : RHP Gorgonio Sigua
|
Batting: LHB Jim Jardine
|
0-0: Ball 1-0: Swinging Strike 1-1: Foul Ball, location: 2F 1-2: Ball 2-2: Foul Ball, location: 2F 2-2: Ball 3-2: Base on Balls
|
Batting: RHB Steve Clark
|
0-0: Ball 1-0: Sac Bunt to 15 - play at first, batter OUT! 1-3 Jim Jardine to second
|
Batting: RHB Ruben Serrata
|
0-0: Ball 1-0: Ground out U3 (Groundball, 3, EV 82.5 MPH) Jim Jardine to third
|
Batting: RHB Jason Baldwin
|
0-0: Foul Ball, location: 2F 0-1: Foul Ball, location: 2F 0-2: Fly out, F5 (Popup, 5S, EV 77.5 MPH)
|
Bottom of the 7th over - 0 runs, 0 hits, 0 errors, 1 left on base; Hartford 1 - Great Lakes 1 |
TOP OF THE 8TH |
Hartford Yard Goats batting - Pitching for Great Lakes Loons : RHP Andre Wiltz
|
Batting: LHB Nick Martin
|
0-0: Called Strike 0-1: Ball 1-1: Foul Ball, location: 2F 1-2: Ball 2-2: Foul Ball, location: 2F 2-2: Ball 3-2: Base on Balls
|
Batting: RHB Matviy Oliynyk
|
0-0: Ball 1-0: Sac Bunt to 15S - play at first, batter OUT! 1-3 Nick Martin to second
|
Batting: RHB T.J. Williams
|
0-0: Intentional Walk
|
Batting: SHB Ken Griffey IV
|
0-0: Ball 1-0: Called Strike 1-1: Ball 2-1: Fly out, F9 (Line Drive, 9S, EV 102.5 MPH)
|
Batting: LHB Harry Folsom
|
0-0: Called Strike 0-1: Called Strike 0-2: Ball 1-2: Ball 2-2: SINGLE (Groundball, 34D, EV 101.9 MPH) Nick Martin to third T.J. Williams to second Runner from 3rd tries for Home, SAFE, throw by RF to home
|
Batting: LHB Daniel Green
|
0-0: Ball 1-0: Foul Ball, location: 2F 1-1: Fly out, F9 (Flyball, 9, EV 88.8 MPH)
|
Top of the 8th over - 1 run, 1 hit, 0 errors, 2 left on base; Hartford 2 - Great Lakes 1 |
BOTTOM OF THE 8TH |
Great Lakes Loons batting - Pitching for Hartford Yard Goats : RHP Gorgonio Sigua
|
Pitching: RHP Bobby Servin
|
|
Batting: LHB Nate Kee
|
0-0: Ball 1-0: Ball 2-0: Called Strike 2-1: Foul Ball, location: 2F 2-2: Strikes out swinging
|
Batting: LHB Tore Bosch
|
0-0: Foul Ball, location: 2F 0-1: Ball 1-1: Swinging Strike 1-2: Ball 2-2: Strikes out swinging
|
Batting: LHB Jesus Ramirez
|
0-0: Foul Ball, location: 2F 0-1: Reached via error on a dropped throw from 2B, E3 (Groundball, 4, EV 105.0 MPH)
|
Batting: RHB Joe Bower
|
0-0: Foul Ball, location: 2F 0-1: Fly out, F9 (Flyball, 9LS, EV 80.6 MPH)
|
Bottom of the 8th over - 0 runs, 0 hits, 1 error, 1 left on base; Hartford 2 - Great Lakes 1 |
TOP OF THE 9TH |
Hartford Yard Goats batting - Pitching for Great Lakes Loons : RHP Andre Wiltz
|
Pitching: RHP Matt Hager
|
|
Batting: RHB Seisaburo Edagawa
|
0-0: Foul Ball, location: 2F 0-1: Foul Ball, location: 2F 0-2: Foul Ball, location: 2F 0-2: Ball 1-2: Strikes out looking
|
Batting: LHB Georges Lambert
|
0-0: Called Strike 0-1: Ball 1-1: DOUBLE (Line Drive, 5D, EV 99.4 MPH)
|
Batting: RHB Yamashita Yagi
|
0-0: Called Strike 0-1: Swinging Strike 0-2: Strikes out swinging, 2-3 out at first.
|
Batting: LHB Nick Martin
|
0-0: Intentional Walk
|
Batting: RHB Matviy Oliynyk
|
0-0: Called Strike 0-1: Called Strike 0-2: Ball 1-2: Strikes out swinging
|
Top of the 9th over - 0 runs, 1 hit, 0 errors, 2 left on base; Hartford 2 - Great Lakes 1 |
BOTTOM OF THE 9TH |
Great Lakes Loons batting - Pitching for Hartford Yard Goats : RHP Bobby Servin
|
Pitching: RHP Travis Palmisano
|
|
Batting: RHB Javier Solis
|
0-0: SINGLE (Line Drive, 56, EV 97.5 MPH)
|
Batting: LHB Jim Jardine
|
0-0: Fly out, F9 (Flyball, 9D, EV 105.0 MPH)
|
Batting: RHB Steve Clark
|
0-0: Ball 1-0: Foul Ball, location: 2F 1-1: Ball 2-1: Ground out 4-3 (Groundball, 4MD, EV 104.4 MPH) Javier Solis to second
|
Batting: RHB Ruben Serrata
|
0-0: Ball 1-0: Ground out 3-1 (Groundball, 34S, EV 80.6 MPH)
|
Bottom of the 9th over - 0 runs, 1 hit, 0 errors, 1 left on base; Hartford 2 - Great Lakes 1 |
|